 Dungeon Crawl Stone Soup version 0.31-a0-854-g362426d53f (webtiles) character file.

Game seed: 12197277222172082252

57 Kurtz the Sneak (level 4, 0/42 HPs)
             Began as a Naga Delver on Oct 8, 2023.
             Succumbed to a scorpion's poison
             ... on level 5 of the Dungeon.
             The game lasted 00:00:20 (96 turns).

Kurtz the Sneak (Naga Delver)                         Turns: 96, Time: 00:00:20

Health: 0/42       AC:  2    Str: 14    XL:     4   Next: 0%
Magic:  4/4        EV:  9    Int: 10    God:
Gold:   20         SH:  0    Dex: 15    Spells: 3/3 levels left

rFire   . . .        a - +0 hand axe
rCold   . . .        (no shield)
rNeg    . . .        b - +0 leather armour
rPois   +            (no helmet)
rElec   .            (no cloak)
rCorr   .            (no gloves)
SInv    +            (no barding)
Will    .....        (no amulet)
Stlth   +++          (no ring)
HPRegen 0.27/turn    (no ring)
MPRegen 0.09/turn

%: no passive effects
@: lethally poisoned (0 -> -3), attractive, very slow
A: AC +1, large, see invisible, deformed body, poison resistance, slowness 2,
spit poison 1, naga tail 1
a: Spit Poison


You were on level 5 of the Dungeon.
You visited 1 branch of the dungeon, and saw 1 of its levels.

You collected 20 gold pieces.

Inventory:

Hand Weapons
 a - a +0 hand axe (weapon)
Armour
 b - a +0 leather armour (worn)
Jewellery
 j - an amulet of faith
Wands
 g - a wand of digging (3)
Scrolls
 c - a scroll of fog
 d - a scroll of revelation
 e - a scroll of fear
 h - a scroll of amnesia {unknown}
Potions
 f - a potion of haste
 i - a potion of attraction


   Skills:
 - Level 3.0 Fighting
 * Level 4.1 Axes
 - Level 1.5 Dodging
 - Level 7.2 Stealth


You had 3 spell levels left.
You didn't know any spells.
Your spell library was empty.

Dungeon Overview and Level Annotations

Branches:
Dungeon (5/15)
 Temple: D:4-7

Altars:


Innate Abilities, Weirdness & Mutations

Your serpentine skin is tough. (AC +1)
You have supernaturally acute eyesight. (SInv)
Armour fits poorly on your strangely shaped body.
Your system is resistant to poisons. (rPois)
You cover ground very slowly.
You can spit poison.
You have a snake-like lower body.


Message History

Found a stone staircase leading up.
You have got your breath back.
The scorpion looks more healthy.
Aiming: Spit Poison (3% risk of failure)
Press: ? - help, Shift-Dir - straight line, f/p - scorpion
Aim: a scorpion (almost dead, 53% to hit)
The splash of poison hits the scorpion but does no damage.
The scorpion is almost dead.
The scorpion stings you.
You hit the scorpion.
The scorpion is almost dead.
You have got your breath back.
The scorpion barely misses you.
You barely miss the scorpion.
The scorpion is almost dead.
The scorpion stings you! The scorpion stings you.
* * * LOW HITPOINT WARNING * * *
You are lethally poisoned!
The scorpion poisons you!
You hit the scorpion.
You kill the scorpion!
* * * LOW HITPOINT WARNING * * *
You feel very sick.
Your Axes skill gained 2 levels and is now at level 4!
You have reached level 2!
You have reached level 3!
Your experience leads to an increase in your attributes!
Increase (S)trength, (I)ntelligence, or (D)exterity?
You feel agile. x2; Your skin feels tougher.
You have reached level 4!
You feel agile.
It was a potion of attraction.
You feel attractive to monsters.
* * * LOW HITPOINT WARNING * * *
You feel sick.
* * * LOW HITPOINT WARNING * * *
You feel sick.
* * * LOW HITPOINT WARNING * * *
You feel sick.
You die...

#........ #.........
##........ .
#..###...... ##..## .
.. .. ##..†.##.#.#
... ##......#...#..
#...####............#
....#.........@.....#
#............###.##.#
##.###........# ..#
....##.(......# ..<
...#.#........# ...
...........#.... ..
.........####.#.# .
.........####..##
...........##...


There were no monsters in sight!

Vanquished Creatures
  A scorpion (D:5)
  A quokka (D:5)
2 creatures vanquished.

Notes
Turn   | Place    | Note
-------+----------+-------------------------------------------
     0 | D:5      | Kurtz the Naga Delver began the quest for the Orb.
     0 | D:5      | Reached XP level 1. HP: 21/21 MP: 1/1
    82 | D:5      | Noticed a scorpion
    92 | D:5      | Killed a scorpion
    93 | D:5      | Reached XP level 2. HP: 4/28 MP: 2/2
    93 | D:5      | Reached XP level 3. HP: 5/34 MP: 3/3
    93 | D:5      | Reached XP level 4. HP: 6/42 MP: 4/4
    95 | D:5      | HP: 2/42 [poisoned by a scorpion]
    96 | D:5      | Succumbed to a scorpion's poison

Illustrated notes

Levels and vault maps discovered:
D:5:      layout_cave_pools, mainiacjoe_overflow_boulevard,
          minmay_temple_entry_statues_fountains, roderic_lattice_a,
          kennysheep_nondescript, hellmonk_no_cap

Skill      XL: |  1 |
---------------+----+-----
Axes           | 4 |  4.1
Fighting       | |  3.0
Dodging        | |  1.5
Stealth        | |  7.2

Action                     |  1- 3 |  4- 6 || total
---------------------------+-------+-------++-------
  Melee: Hand axe          |     7 |       ||     7
         Punch             |     1 |       ||     1
Ability: Spit Poison       |     3 |       ||     3
    Use: Potion            |       |     1 ||     1
 Armour: Leather armour    |     7 |       ||     7
  Dodge: Dodged            |     3 |       ||     3

Table legend: (Time is in decaauts)
 A = Elapsed time spent in this place.
 B = Non-inter-level travel time spent in this place.
 C = Inter-level travel time spent in this place.
 D = Time resting spent in this place.
 E = Time spent auto-exploring this place.
 F = Levels seen in this place.
 G = Mean time per level.
                   A        B        C        D        E       F      G
               +--------+--------+--------+--------+--------+-----+--------+
         Total |    117 |    117 |      0 |      0 |     80 |   1 |  117.0 |
       Dungeon |    117 |    117 |      0 |      0 |     80 |   1 |  117.0 |
               +--------+--------+--------+--------+--------+-----+--------+

Top non-repeatable levels by time:
     D:5: 117 daAuts
